 Dungeon Crawl Stone Soup version 0.29.1-1-gd02db6906a (webtiles) character file.

Game seed: 13894603587504458218

2 Hadkhar the Chiller (level 1, 0/13 HPs)
             Began as a Merfolk Ice Elementalist on Sept 27, 2022.
             Slain by a rat (1 damage)
             ... on level 1 of the Dungeon.
             The game lasted 00:01:42 (56 turns).

Hadkhar the Chiller (Merfolk Ice Elementalist)        Turns: 56, Time: 00:01:43

Health: 0/13       AC:  2    Str:  8    XL:     1   Next: 30%
Magic:  0/3        EV: 12    Int: 14    God:
Gold:   0          SH:  0    Dex: 14    Spells: 3/4 levels left

rFire   . . .      SeeInvis .   (no weapon)
rCold   . . .      Faith    .   (no shield)
rNeg    . . .      Spirit   .   a - +0 robe
rPois   .          Reflect  .   (no helmet)
rElec   .          Harm     .   (no cloak)
rCorr   .          Rampage  .   (no gloves)
Will    .....                   (no boots)
Stlth   ++........              (no amulet)
HPRegen 0.04/turn               (no ring)
MPRegen 0.08/turn               (no ring)

@: no status effects
A: (nimble swimmer 2), mertail
a: no special abilities


You were on level 1 of the Dungeon.
You visited 1 branch of the dungeon, and saw 1 of its levels.

Inventory:

Armour
 a - a +0 robe (worn)
Potions
 b - a potion of magic


   Skills:
 + Level 2.7 Dodging
 + Level 2.2 Stealth
 + Level 2.0 Spellcasting
 + Level 4.4 Ice Magic


You had 3 spell levels left.
You knew the following spells:

 Your Spells              Type           Power      Damage    Failure   Level
a - Freeze                Ice            52%        1d7       3%          1

Your spell library contained the following spells:

 Spells                   Type           Power      Damage    Failure   Level
 Frozen Ramparts          Ice            26%        1d4       12%         3
 Ozocubu's Armour         Ice            13%        N/A       12%         3
 Hailstorm                Conj/Ice       7%         3d4       67%         4


Dungeon Overview and Level Annotations

Branches:
Dungeon (1/15)

Altars:


Innate Abilities, Weirdness & Mutations

((You are very nimble when in or above water. (Stealth+, EV+, Speed+++)))
Your lower body shifts to a powerful aquatic tail in water.


Message History

The kobold throws a stone.
The stone closely misses you.
A rat comes into view.
The kobold throws a stone.
The stone misses you.
You open the door.
The goblin shouts!
You hear a shout!
There is an open door here.
A goblin comes into view. It is wielding a +0 club.
The goblin shouts!
Aiming: Freeze (safe; 4% risk of failure)
Press: ? - help, Q - select action Shift-Dir - straight line, f - goblin
Aim: a goblin, wielding a +0 dagger of pain You freeze the goblin.
The goblin is severely wounded.
The goblin hits you with a +0 dagger of pain.
You hit the goblin but do no damage.
The goblin is severely wounded.
The goblin hits you with a +0 dagger of pain.
You hit the goblin.
You kill the goblin!
Aiming: Freeze (safe; 4% risk of failure)
Press: ? - help, Q - select action Shift-Dir - straight line, f - kobold
Aim: a kobold, wielding a +0 short sword and quivering stones You freeze the kobold.
The kobold is moderately wounded.
The kobold hits you but does no damage.
There is an open door here.
Aiming: Freeze (safe; 4% risk of failure)
Press: ? - help, Q - select action Shift-Dir - straight line, f/p - kobold
Aim: a kobold, wielding a +0 short sword and quivering stones (moderately wounded)
You freeze the kobold.
You kill the kobold!
You don't have enough magic to cast this spell.
You don't have enough magic to cast this spell.
The goblin attacks as you move away! The goblin closely misses you.
The rat attacks as you move away! The rat completely misses you.
The rat attacks as you move away! The rat bites you.
The goblin attacks as you move away! The goblin hits you with a +0 club.
* * * LOW HITPOINT WARNING * * *
The rat attacks as you move away! The rat bites you.
You die...

+.....###.#.........#
#.........#..#...#..#
#.....)...#.........#
+.....##)##.........#
#.........#..#...#..#
#.........#..○......#..
...........g..○≈○≈......
..##+#.....#r.#.8.#..#..
. ......†..#.@.......###
.........####+#+####
..........+ .......####
....... ....... .......
.......


You could see a goblin and a rat.

Vanquished Creatures
  A ball python (D:1)
  A goblin (D:1)
  A kobold (D:1)
3 creatures vanquished.

Notes
Turn   | Place    | Note
-------+----------+-------------------------------------------
     0 | D:1      | Hadkhar the Merfolk Ice Elementalist began the quest for
                  | the Orb.
     0 | D:1      | Reached XP level 1. HP: 13/13 MP: 3/3
    56 | D:1      | Slain by a rat

Illustrated notes

Levels and vault maps discovered:
D:1:      shiori_arrival_oz, layout_basic, chequers_serial_rivers_room_a,
          minmay_misc_feat_chi, roderic_lattice_a, serial_bayou_lagoon_a

Action                   || total
-------------------------++-------
Melee: Unarmed           ||     2
 Cast: Freeze            ||     4
Armor: Robe              ||     2
Dodge: Dodged            ||     4
